 Dungeon Crawl Stone Soup version 0.15-a0-1004-gbf4e2e6 (webtiles) character file.

105058 4tharraofdagon the Destroyer (level 16, -6/71 (76) HPs)
             Began as a Tengu Fire Elementalist on May 25, 2014.
             Was the Champion of Sif Muna.
             Mangled by a shock serpent (12 damage)
             ... on Level 5 of the Snake Pit.
             The game lasted 02:19:57 (11930 turns).

4tharraofdagon the Destroyer (TeFE)                Turns: 11930, Time: 02:19:57

HP  -6/71 (76)   AC  7     Str 13      XL: 16   Next: 40%
MP  17/44        EV 14     Int 23      God: Sif Muna [******]
Gold 1816        SH  8     Dex 19      Spells:  9 memorised,  5 levels left

rFire  + + .     SeeInvis .     F - staff of fire
rCold  + + +     Clarity  .     D - +0 leather armour of Bitterness {rC++ MR++}
rNeg   . . .     Conserve .     l - +0 buckler
rPois  +         rCorr    .     x - +2 hat {Int+3}
rElec  +         rRot     .     T - +0 cloak
SustAb .         Spirit   .     t - +1 pair of gloves {Str+3}
rMut   .         Warding  .     (boots unavailable)
Gourm  +         Stasis   .     n - amulet of the gourmand
MR     +++..                    a - ring of poison resistance
                                Q - ring of the Octopus King {MP+9 AC+1 EV+1 Str+1 Dex+1 Int+1}

@: flying quickly and evasively, quick, extremely resistant to hostile
enchantments, fairly stealthy
A: able to fly continuously, beak, talons 3, thin skeletal structure 1, blurry
vision 1, cold resistance 1, deformed body, dopey 1
a: Stop Flying, Channel Energy, Forget Spell, Renounce Religion


You were on level 5 of the Snake Pit.
You worshipped Sif Muna.
Sif Muna was exalted by your worship.
You were very full.

You visited 5 branches of the dungeon, and saw 30 of its levels.
You also visited: Bailey.

You collected 4808 gold pieces.
You spent 2992 gold pieces at shops.

Inventory:

Hand weapons
 I - the +7,+2 trident of the Stork {speed, rC+ rN+ Dex-2}
   (You found it on level 9 of the Dungeon)

   Attacks with this weapon are significantly faster.
   It affects your dexterity (-2).
   It protects you from cold.
   It protects you from negative energy.
Armour
 l - a +0 buckler (worn)
 t - a +1 pair of gloves of strength (worn)
 x - a +2 hat of intelligence (worn)
 D - the +0 leather armour of Bitterness (worn) {rC++ MR++}
   (You found it on level 8 of the Dungeon)

   It greatly protects you from cold.
   It affects your resistance to hostile enchantments.
 T - a +0 cloak (worn)
Magical devices
 b - a wand of digging (11)
 r - a wand of fire (8)
 w - a wand of digging (12)
 K - a wand of cold (6)
 L - a wand of cold (5)
 M - a wand of fire (7)
Comestibles
 c - 4 bread rations
 h - 8 meat rations
Scrolls
 d - 2 scrolls of recharging
 f - 8 scrolls of remove curse
 j - a scroll of blinking
 y - 3 scrolls of identify
 z - a scroll of noise
 G - 2 scrolls of summoning
Jewellery
 a - a ring of poison resistance (right hand)
 g - an uncursed ring of wizardry
 i - an uncursed ring of stealth
 n - an amulet of the gourmand (around neck)
 o - an uncursed ring of positive energy
 q - an uncursed ring of wizardry
 v - the ring of Fokuin {+Fly rF+}
   (You took it off a deep elf sorcerer on level 3 of the Elven Halls)

   [ring of flight]

   It protects you from fire.
   It lets you fly.
 Q - a ring of the Octopus King (left hand) {MP+9 AC+1 EV+1 Str+1 Dex+1 Int+1}
   (You found it on level 3 of the Elven Halls)

   [ring of magical power]

   It affects your AC (+1).
   It affects your evasion (+1).
   It affects your strength (+1).
   It affects your intelligence (+1).
   It affects your dexterity (+1).
   It affects your magic capacity (+9).
Potions
 e - 10 potions of curing
 p - 4 potions of heal wounds
 C - a potion of resistance
 E - a potion of lignification
 O - 4 potions of restore abilities
 R - a potion of invisibility
Books
 k - a Necronomicon This book is beyond your current level of understanding.

   Spells                             Type                      Level
   Haunt                              Necromancy/Summoning         7
   Borgnjor's Revivification          Necromancy                   8
   Death's Door                       Charms/Necromancy            8
   Necromutation                      Transmutation/Necromancy     8
 m - a book of the Warp

   Spells                             Type                      Level
   Control Teleport                   Charms/Translocation         4
   Phase Shift                        Translocation                5
   Warp Weapon                        Charms/Translocation         5
   Dispersal                          Translocation                6
   Controlled Blink                   Translocation                7
   Disjunction                        Translocation                8
 s - Sif Muna's Papyrus of Black Secrets
   (Sif Muna gifted it to you on level 4 of the Snake Pit)

   Spells                             Type                      Level
   Animate Skeleton                   Necromancy                   1
   Pain                               Necromancy                   1
   Sublimation of Blood               Necromancy                   2
   Twisted Resurrection               Necromancy                   5
   Simulacrum                         Ice/Necromancy               6
 N - a Grand Grimoire {highlevel}

   This book is beyond your current level of understanding.

   Spells                             Type                      Level
   Aura of Abjuration                 Summoning                    6
   Forceful Dismissal                 Summoning                    6
   Haunt                              Necromancy/Summoning         7
   Summon Greater Demon               Summoning                    7
   Malign Gateway                     Summoning/Translocation      7
   Summon Horrible Things             Summoning                    8
 U - the Compendium of the Traveller and Clay
   (You found it on level 3 of the Elven Halls)

   Spells                             Type                      Level
   Portal Projectile                  Translocation                3
   Teleport Other                     Translocation                3
   Passwall                           Transmutation/Earth          3
   Passage of Golubria                Translocation                4
   *Iron Shot                         Conjuration/Earth            6
Magical staves
 F - an uncursed staff of fire (weapon)
 S - an uncursed staff of energy
Miscellaneous
 P - a lamp of fire
Rods
 J - a +3 lightning rod (16/16)
   (You found it on level 2 of the Lair of Beasts)


   Skills:
 - Level 2.1 Dodging
 - Level 2.0 Stealth
 + Level 11.6 Spellcasting
 * Level 20.2 Conjurations
 - Level 7.3 Necromancy
 * Level 17.4 Fire Magic
 - Level 8.5 Invocations


You had 5 spell levels left.
You knew the following spells:

 Your Spells              Type           Power        Failure   Level  Hunger
a - Iron Shot             Conj/Erth      ######....   21%         6    #####..
b - Conjure Flame         Conj/Fire      ########     0%          3    None
c - Sticky Flame          Conj/Fire      ########     1%          4    None
d - Fireball              Conj/Fire      ########..   1%          5    ###....
e - Regeneration          Chrm/Necr      ####......   6%          3    None
f - Bolt of Fire          Conj/Fire      ########..   1%          6    #####..
g - Repel Missiles        Chrm/Air       ##....       14%         2    None
h - Blink                 Tloc           N/A          14%         2    None
i - Delayed Fireball      Conj/Fire      N/A          3%          7    #######


Dungeon Overview and Level Annotations

Branches:
Dungeon (10/15)               Orc (4/4) D:9             Elf (3/3) Orc:4
   Lair (8/8) D:9           Snake (5/5) Lair:5        Slime (0/6) Lair:6
 Temple: D:4-7        Swamp: Lair:3-6    Shoals: Lair:3-6    Spider: Lair:3-6

Altars:
Fedhas
Okawaru
Sif Muna
Trog
Vehumet
Xom
Zin
The Shining One

Shops:
Orc:2 *   Orc:4 ([*:

Annotations:
D:6 Ijyb
Orc:4 Saint Roka
Elf:1 exclusion: hell hound, Azrael
Lair:7 exclusion: oklob plant


Innate Abilities, Weirdness & Mutations

You can fly continuously.
You have a beak for a mouth.
You have claws for feet.
You have a somewhat thin skeletal structure (Dex +2, Stealth).
Your vision is a little blurry.
Your flesh is cold resistant.
Armour fits poorly on your strangely shaped body.
You are dopey. (Int -2)


Message History

The shock serpent's electric aura discharges!
The lightning shocks you.
The air sparks with electricity!
The lightning shocks you.
Unknown command.
Casting: Fireball
Confirm with . or Enter, or press ? or * to list all spells.
Aiming: Fireball
Press: ? - help, Shift-Dir - straight line You feel a surge of power!
The fireball explodes!
The fireball engulfs the shock serpent.
The shock serpent is almost dead.
The fireball engulfs the mana viper.
The mana viper is heavily wounded.
The shock serpent's electric aura discharges!
The lightning shocks you. The shock serpent bites you!
* * * LOW HITPOINT WARNING * * *
The shock serpent shocks you. You resist.
* * * LOW HITPOINT WARNING * * *
The shock serpent bites you!
You die...

.#.# *,,,,******* .#(# *,,,,*
.#.# **..,,** .#%# *,..., * *#.#
*.....,* #.# ######## *......*
#.# ###......#####......******
#)#####...................,,,,,*
#%)..%.)).(....@S%.........,,,,,
#)......)........S%%...#..,,,,,,
#..........................,, ,,
#.######......######.....[* ***,
#.# ######## *.N....* ** #.#
*,.....* #.# *,.#.. * #.#
*,,S.,,* #.# *,,.,,,* **


You could see a greater naga, a shock serpent and a mana viper.

Vanquished Creatures
  2 deep elf blademasters (Elf:3)
  2 deep elf master archers (Elf:3)
  2 greater nagas
  5 deep elf sorcerers (Elf:3)
  An orc warlord (Orc:4)
  Gastronok (Lair:1)
  8 deep elf demonologists (Elf:3)
  6 deep elf annihilators (Elf:3)
  3 deep elf death magi (Elf:3)
  3 deep elf high priests (Elf:3)
  Fannar (Lair:4)
  2 naga warriors (Snake:5)
  2 hydras
  2 ravenous feature mimics (Elf:3)
  3 anacondas (Snake:5)
  12 death yaks
  2 shock serpents (Snake:5)
  2 naga sharpshooters
  Nergalle (Orc:4)
  Erolcha (D:8)
  A catoblepas (Lair:5)
  4 orc high priests (Orc:4)
  A deep elf knight (Elf:2)
  An unseen horror (D:10)
  6 orc knights
  6 deep elf summoners
  5 orc sorcerers
  3 deep elf conjurers
  A mana viper (Snake:1)
  A griffon (Lair:6)
  6 black mambas
  A guardian serpent (Snake:5)
  Maurice (D:8)
  4 elephants (Lair:8)
  A feature mimic (Lair:3)
  12 spiny frogs
  7 komodo dragons
  4 fire drakes (Lair:8)
  5 naga magi
  3 deep elf priests
  2 wandering mushrooms (Lair:1)
  A jumping spider (Elf:2)
  12 blink frogs
  6 basilisks
  2 brown oozes (Lair:6)
  A redback (Elf:3)
  A boulder beetle (Lair:8)
  2 sharks (Lair:5)
  A spriggan (Lair:4)
  32 yaks
  7 deep elf magi
  2 elephant slugs
  A wraith (D:10)
  A tarantella (Elf:3)
  A hog (shapeshifter) (Elf:3)
  4 hippogriffs
  8 deep elf fighters
  A neqoxec (Orc:4)
  Grum (Orc:4)
  A wyvern (D:8)
  A warg (Orc:1)
  Edmund (D:8)
  11 water moccasins
  15 wolves
  A mottled dragon (Lair:8)
  8 nagas
  28 orc warriors
  2 swamp worms (Lair:3)
  7 porcupines
  A swamp drake (Lair:8)
  A necrophage (D:9)
  7 giant slugs
  13 crocodiles
  3 ogres
  5 boring beetles
  11 giant frogs
  A scorpion (D:5)
  A centaur zombie (D:8)
  An electric eel (Lair:3)
  A jelly (Lair:6)
  3 hounds
  23 orc priests
  20 orc wizards
  A worker ant (D:4)
  8 iguanas
  2 orange rats
  17 sheep
  A mummy (D:7)
  6 gnolls
  18 green rats
  12 adders
  2 shadow imps
  4 giant mites
  An inept feature mimic (D:4)
  4 worms
  An adder zombie (D:7)
  An adder skeleton (D:6)
  6 giant geckos
  3 oozes (Lair:6)
  107 orcs
  A bat skeleton (D:5)
  15 hobgoblins
  13 jackals
  18 bats
  2 giant cockroaches
  2 giant newts
  A giant spore (D:7)
  10 goblins
  17 kobolds
  An orc skeleton (D:5)
  8 quokkas
  A quokka zombie (D:5)
  10 rats
  2 ballistomycetes (D:7)
  A bush (Lair:4)
  A fungus (Lair:7)
683 creatures vanquished.

Vanquished Creatures (others)
  5 fungi
  3 plants (Lair:8)
8 creatures vanquished.

Grand Total: 691 creatures vanquished

Notes
Turn   | Place    | Note
--------------------------------------------------------------
     0 | D:1      | 4tharraofdagon, the Tengu Fire Elementalist, began the quest for the Orb.
     0 | D:1      | Reached XP level 1. HP: 10/10 MP: 3/3
   162 | D:1      | Reached XP level 2. HP: 15/15 MP: 1/5
   252 | D:2      | Found a deep blue altar of Sif Muna.
   257 | D:2      | Became a worshipper of Sif Muna the Loreminder
   356 | D:1      | Reached XP level 3. HP: 13/19 MP: 4/7
   361 | D:1      | Learned a level 3 spell: Conjure Flame
   434 | D:2      | Gained mutation: Armour fits poorly on your strangely shaped body. [potion of mutation]
   434 | D:2      | Gained mutation: You have a fast metabolism. [potion of mutation]
   434 | D:2      | Gained mutation: Your muscles are strong. (Str +2) [potion of mutation]
   494 | D:3      | Found a radiant altar of Vehumet.
   540 | D:3      | Found a blossoming altar of Fedhas.
   547 | D:3      | Lost mutation: Your muscles are strong. (Str +2) [potion of mutation]
   547 | D:3      | Gained mutation: Your flesh is cold resistant. [potion of mutation]
   570 | D:3      | Reached skill level 1 in Invocations
   770 | D:4      | Reached XP level 4. HP: 24/24 MP: 3/8
   848 | D:4      | Found Jeckel's Jewellery Shoppe.
   906 | D:4      | Jeckel's Jewellery Shoppe was a mimic.
  1045 | D:4      | Reached skill level 4 in Conjurations
  1045 | D:4      | Reached XP level 5. HP: 28/28 MP: 1/11
  1051 | D:4      | Learned a level 4 spell: Sticky Flame
  1199 | D:2      | Found a bloodstained altar of Trog.
  1235 | D:5      | Entered Level 5 of the Dungeon
  1490 | D:5      | Noticed a centaur
  1551 | D:5      | Reached XP level 6. HP: 28/32 MP: 4/13
  1634 | D:7      | Found a glowing silver altar of Zin.
  1646 | D:6      | Noticed Ijyb
  1793 | D:6      | Found an iron altar of Okawaru.
  1861 | D:6      | Got a dazzling scale mail
  1926 | D:7      | Identified the +5 scale mail of Hywoyluw {Str+3 Dex-2 Dam+2} (You found it on level 6 of the Dungeon)
  2226 | D:8      | Noticed a wyvern
  2297 | D:8      | Killed a wyvern
  2297 | D:8      | Acquired Sif Muna's first power
  2297 | D:8      | Reached skill level 5 in Conjurations
  2297 | D:8      | Reached XP level 7. HP: 32/36 MP: 7/17
  2300 | D:8      | Found a shimmering altar of Xom.
  2375 | D:8      | Got a distressingly furry leather armour
  2382 | D:8      | Identified the +0 leather armour of Bitterness {rC++ MR++} (You found it on level 8 of the Dungeon)
  2395 | D:8      | Noticed a hippogriff
  2404 | D:8      | Killed a hippogriff
  2417 | D:8      | Noticed Maurice
  2424 | D:8      | Killed Maurice
  2424 | D:8      | Reached skill level 5 in Fire Magic
  2424 | D:8      | Reached XP level 8. HP: 33/41 MP: 6/20
  2505 | D:8      | Noticed Edmund
  2514 | D:8      | Killed Edmund
  2514 | D:8      | Reached skill level 6 in Conjurations
  2514 | D:8      | Reached skill level 5 in Invocations
  2582 | D:8      | Noticed Erolcha
  2582 | D:8      | Noticed a hippogriff
  2593 | D:8      | Killed a hippogriff
  2593 | D:8      | Acquired Sif Muna's second power
  2595 | D:8      | Killed Erolcha
  2595 | D:8      | Reached skill level 7 in Conjurations
  2595 | D:8      | Reached XP level 9. HP: 6/45 MP: 6/22
  2781 | D:9      | Found a bloodstained altar of Trog.
  2785 | D:9      | Noticed a spiny frog
  2786 | D:9      | Noticed a spiny frog
  2787 | D:9      | Noticed a spiny frog
  2795 | D:9      | Killed a spiny frog
  2795 | D:9      | Reached skill level 5 in Spellcasting
  2826 | D:9      | Learned a level 5 spell: Fireball
  2834 | D:9      | Killed a spiny frog
  2845 | D:9      | Found a staircase to the Lair.
  2862 | D:9      | Reached skill level 8 in Conjurations
  2915 | D:9      | Found a staircase to the Orcish Mines.
  2949 | D:9      | Found a glowing golden altar of the Shining One.
  2969 | D:9      | Killed a spiny frog
  3004 | D:9      | Got an ancient trident
  3005 | D:9      | Identified the +7,+2 trident of the Stork {speed, rC+ rN+ Dex-2} (You found it on level 9 of the Dungeon)
  3044 | Lair:1   | Entered Level 1 of the Lair of Beasts
  3154 | Lair:1   | Noticed a wandering mushroom
  3164 | Lair:1   | Noticed a wandering mushroom
  3172 | Lair:1   | Killed a wandering mushroom
  3172 | Lair:1   | Reached XP level 10. HP: 45/50 MP: 20/24
  3173 | Lair:1   | Noticed a wandering mushroom
  3176 | Lair:1   | Noticed a wandering mushroom
  3180 | Lair:1   | Noticed Gastronok
  3278 | Lair:1   | Killed Gastronok
  3278 | Lair:1   | Acquired Sif Muna's third power
  3278 | Lair:1   | Reached skill level 9 in Conjurations
  3377 | Lair:1   | Killed a wandering mushroom
  3407 | Lair:2   | Noticed a death yak
  3407 | Lair:2   | Noticed a death yak
  3407 | Lair:2   | Noticed a death yak
  3407 | Lair:2   | Noticed a death yak
  3409 | Lair:2   | Noticed a death yak
  3558 | Lair:2   | Noticed a death yak
  3575 | Lair:2   | Killed a death yak
  3575 | Lair:2   | Reached skill level 10 in Conjurations
  3584 | Lair:2   | Killed a death yak
  3584 | Lair:2   | Reached XP level 11. HP: 29/54 MP: 17/27
  3623 | Lair:2   | Killed a death yak
  3623 | Lair:2   | Reached skill level 11 in Conjurations
  3628 | Lair:2   | Killed a death yak
  3629 | Lair:2   | Killed a death yak
  3642 | Lair:2   | Killed a death yak
  3642 | Lair:2   | Received a gift from Sif Muna
  3642 | Lair:2   | Reached skill level 10 in Fire Magic
  3643 | Lair:2   | Identified Sif Muna's Tome of Destructive Fire (Sif Muna gifted it to you on level 2 of the Lair of Beasts)
  3695 | Lair:2   | Reached skill level 12 in Conjurations
  3935 | Lair:4   | Noticed Fannar
  4169 | Lair:4   | Reached skill level 13 in Conjurations
  4171 | Lair:4   | Reached XP level 12. HP: 50/59 MP: 13/29
  4441 | Lair:4   | Learned a level 3 spell: Regeneration
  4496 | Lair:5   | Received a gift from Sif Muna
  4497 | Lair:5   | Identified Sif Muna's Tome of Frigorific Combat Magic (Sif Muna gifted it to you on level 5 of the Lair of Beasts)
  4501 | Lair:5   | Reached skill level 1 in Necromancy
  4660 | Lair:5   | Noticed a death yak
  4672 | Lair:5   | Noticed a death yak
  4674 | Lair:5   | Noticed a death yak
  4675 | Lair:5   | Noticed a death yak
  4675 | Lair:5   | Noticed a death yak
  4676 | Lair:5   | Noticed a death yak
  4681 | Lair:5   | Killed a death yak
  4689 | Lair:5   | Killed a death yak
  4693 | Lair:5   | Killed a death yak
  4693 | Lair:5   | Reached skill level 14 in Conjurations
  4713 | Lair:5   | Killed a death yak
  4754 | Lair:5   | Killed a death yak
  4778 | Lair:5   | Killed a death yak
  4857 | Lair:4   | Reached skill level 5 in Necromancy
  4880 | Lair:4   | Received a gift from Sif Muna
  4885 | Lair:4   | Identified Sif Muna's Reference Book on Conjuration (Sif Muna gifted it to you on level 4 of the Lair of Beasts)
  4896 | Lair:4   | Reached XP level 13. HP: 63/63 MP: 5/31
  5066 | Lair:5   | Found a staircase to the Snake Pit.
  5080 | Lair:5   | Noticed an eight-headed hydra
  5110 | Lair:5   | Killed an eight-headed hydra
  5127 | Lair:5   | Learned a level 6 spell: Bolt of Fire
  5368 | Lair:7   | Reached skill level 15 in Conjurations
  5512 | Lair:8   | Entered Level 8 of the Lair of Beasts
  5861 | Lair:8   | Identified Noymok's Further Progress in Secret Knowledge (You found it on level 8 of the Lair of Beasts)
  5926 | Lair:8   | Received a gift from Sif Muna
  5927 | Lair:8   | Identified Ploorph's Collected Works on Burning Attacks (Sif Muna gifted it to you on level 8 of the Lair of Beasts)
  6184 | Lair:8   | Gained mutation: You evolve. [potion of mutation]
  6184 | Lair:8   | Gained mutation: You are dopey. (Int -2) [potion of mutation]
  6184 | Lair:8   | Gained mutation: Your vision is a little blurry. [potion of mutation]
  6375 | Lair:6   | Found a staircase to the Slime Pits.
  6383 | Lair:6   | Reached skill level 16 in Conjurations
  6858 | D:10     | Entered Level 10 of the Dungeon
  6897 | D:10     | Found a flagged portal.
  6947 | Bailey   | Entered a bailey
  6976 | Bailey   | Reached XP level 14. HP: 45/63 MP: 12/32
  7032 | Bailey   | Found a bloodstained altar of Trog.
  7109 | Orc:1    | Entered Level 1 of the Orcish Mines
  7113 | Orc:1    | Gained mutation: You have a somewhat thin skeletal structure (Dex +2, Stealth). [evolution]
  7385 | Orc:4    | Entered Level 4 of the Orcish Mines
  7491 | Orc:4    | Received a gift from Sif Muna
  7494 | Orc:4    | Noticed Grum
  7504 | Orc:4    | Killed Grum
  7511 | Orc:4    | Learned a level 2 spell: Repel Missiles
  7514 | Orc:4    | Learned a level 2 spell: Blink
  7602 | Orc:4    | Found a staircase to the Elven Halls.
  7657 | Orc:4    | Noticed Saint Roka
  7888 | Orc:4    | Noticed Nergalle
  8025 | Orc:4    | Noticed an orc warlord
  8039 | Orc:4    | Killed an orc warlord
  8087 | Orc:4    | Killed Nergalle
  8087 | Orc:4    | Reached skill level 17 in Conjurations
  8199 | Orc:4    | Reached skill level 10 in Spellcasting
  8371 | Orc:4    | Found Vixten's General Store.
  8372 | Orc:4    | Found Roifius' Book Shoppe.
  8373 | Orc:4    | Found Vaz Cer's Antique Armour Emporium.
  8373 | Orc:4    | Found Maazo's Antique Weapon Emporium.
  8377 | Orc:4    | Bought a pair of glowing gloves for 157 gold pieces
  8582 | Elf:1    | Entered Level 1 of the Elven Halls
  8659 | Elf:1    | Noticed Azrael
  8691 | Elf:1    | Gained mutation: You rapidly evolve. [evolution]
  8691 | Elf:1    | Lost mutation: You rapidly evolve. [end of evolution]
  8741 | Elf:2    | Reached skill level 15 in Fire Magic
  8862 | Elf:2    | Received a gift from Sif Muna
  8864 | Elf:2    | Identified Sif Muna's Handbook of Heat (Sif Muna gifted it to you on level 2 of the Elven Halls)
  8876 | Elf:2    | Learned a level 7 spell: Delayed Fireball
  8919 | Elf:3    | Entered Level 3 of the Elven Halls
  9086 | Elf:3    | Noticed a deep elf demonologist
  9087 | Elf:3    | Noticed a deep elf demonologist
  9091 | Elf:3    | Killed a deep elf demonologist
  9097 | Elf:3    | Noticed a deep elf sorcerer
  9133 | Elf:3    | Killed a deep elf demonologist
  9201 | Elf:3    | Noticed a deep elf demonologist
  9209 | Elf:3    | Killed a deep elf demonologist
  9209 | Elf:3    | Reached skill level 18 in Conjurations
  9264 | Elf:3    | Noticed a deep elf blademaster
  9264 | Elf:3    | Killed a deep elf sorcerer
  9266 | Elf:3    | Killed a deep elf blademaster
  9266 | Elf:3    | Reached XP level 15. HP: 67/67 MP: 11/34
  9387 | Elf:3    | Noticed a deep elf sorcerer
  9389 | Elf:3    | Killed a deep elf sorcerer
  9389 | Elf:3    | Received a gift from Sif Muna
  9390 | Elf:3    | Identified Bettah's Catalogue of Blows and Bruises and Snow (Sif Muna gifted it to you on level 3 of the Elven Halls)
  9406 | Elf:3    | Noticed a deep elf demonologist
  9408 | Elf:3    | Killed a deep elf demonologist
  9463 | Elf:3    | Noticed a deep elf master archer
  9472 | Elf:3    | Killed a deep elf master archer
  9482 | Elf:3    | Noticed a deep elf demonologist
  9487 | Elf:3    | Killed a deep elf demonologist
  9521 | Elf:3    | Noticed a deep elf sorcerer
  9621 | Elf:3    | Identified a scroll of acquirement
  9638 | Elf:3    | Noticed a deep elf demonologist
  9640 | Elf:3    | Killed a deep elf demonologist
  9673 | Elf:3    | Noticed a deep elf demonologist
  9673 | Elf:3    | Noticed a deep elf blademaster
  9920 | Elf:3    | Killed a deep elf sorcerer
  9924 | Elf:3    | Got a pitted steel ring
  9926 | Elf:3    | Identified the ring of Fokuin {+Fly rF+} (You took it off a deep elf sorcerer on level 3 of the Elven Halls)
 10073 | Elf:3    | Reached skill level 19 in Conjurations
 10083 | Elf:3    | Noticed a deep elf sorcerer
 10087 | Elf:3    | Killed a deep elf sorcerer
 10091 | Elf:3    | Noticed a deep elf demonologist
 10132 | Elf:3    | Killed a deep elf demonologist
 10132 | Elf:3    | Received a gift from Sif Muna
 10133 | Elf:3    | Identified Sif Muna's Grimoire of Darkness and Confrontation (Sif Muna gifted it to you on level 3 of the Elven Halls)
 10218 | Elf:3    | Killed a deep elf blademaster
 10252 | Elf:3    | Noticed a deep elf sorcerer
 10254 | Elf:3    | Got a ring of the Octopus King
 10255 | Elf:3    | Killed a deep elf sorcerer
 10289 | Elf:3    | Identified a ring of the Octopus King {MP+9 AC+1 EV+1 Str+1 Dex+1 Int+1} (You found it on level 3 of the Elven Halls)
 10298 | Elf:3    | Got a wizard robe
 10318 | Elf:3    | Got a fine war axe
 10319 | Elf:3    | Identified the +2,+3 war axe of Moituxua {flame, -Cast rC+ Int+4} (You found it on level 3 of the Elven Halls)
 10345 | Elf:3    | Noticed a deep elf master archer
 10374 | Elf:3    | Killed a deep elf master archer
 10433 | Elf:3    | Killed a deep elf demonologist
 10441 | Elf:3    | Got a slimy trident
 10443 | Elf:3    | Identified the +6,+2 trident of Descent {flame, rF- MR+} (You took it off a deep elf demonologist on level 3 of the Elven Halls)
 10519 | Elf:3    | Identified the Compendium of the Traveller and Clay
 10533 | Elf:3    | Identified the +2 robe "Abui" {Dam+5} (You took it off a deep elf death mage on level 3 of the Elven Halls)
 10695 | Elf:1    | Reached XP level 16. HP: 71/71 MP: 32/35
 10866 | Orc:4    | Bought a Necronomicon for 1545 gold pieces
 10866 | Orc:4    | Bought a book of the Warp for 1260 gold pieces
 11017 | Orc:2    | Found Kaazuir's General Store.
 11029 | Orc:2    | Bought a potion of mutation for 30 gold pieces
 11030 | Orc:2    | Lost mutation: You have a fast metabolism. [potion of mutation]
 11030 | Orc:2    | Lost mutation: You evolve. [potion of mutation]
 11196 | Lair:3   | Found a staircase to the Swamp.
 11201 | Lair:3   | the staircase to the Swamp was a mimic.
 11331 | Lair:4   | Killed Fannar
 11507 | Snake:1  | Entered Level 1 of the Snake Pit
 11605 | Snake:4  | Received a gift from Sif Muna
 11606 | Snake:4  | Identified Sif Muna's Papyrus of Black Secrets (Sif Muna gifted it to you on level 4 of the Snake Pit)
 11670 | Snake:2  | Learned a level 6 spell: Iron Shot
 11705 | Snake:5  | Entered Level 5 of the Snake Pit
 11755 | Snake:5  | Reached skill level 20 in Conjurations
 11930 | Snake:5  | Mangled by a shock serpent

Action                   |  1- 3 |  4- 6 |  7- 9 | 10-12 | 13-15 | 16-18 || total
-------------------------+-------+-------+-------+-------+-------+-------++-------
Melee: Unarmed           |     3 |       |       |       |       |       ||     3
       Short sword       |    10 |    40 |       |       |       |       ||    50
       Battleaxe         |       |     6 |     9 |       |       |       ||    15
       Trident           |       |       |    11 |    33 |       |       ||    44
       Staff             |       |       |       |     5 |    13 |     6 ||    24
Throw: Stone             |       |       |       |       |     1 |       ||     1
 Cast: Flame Tongue      |    39 |    80 |    58 |    29 |     3 |       ||   209
       Conjure Flame     |     1 |     3 |    20 |    23 |    24 |       ||    71
       Sticky Flame      |       |     4 |    12 |    37 |    61 |     6 ||   120
       Fireball          |       |       |     1 |    68 |   172 |    26 ||   267
       Regeneration      |       |       |       |     3 |    38 |     7 ||    48
       Bolt of Fire      |       |       |       |       |   165 |    39 ||   204
       Repel Missiles    |       |       |       |       |     2 |     2 ||     4
       Delayed Fireball  |       |       |       |       |    13 |     3 ||    16
Invok: Channel Energy    |       |       |    31 |   153 |   623 |    65 ||   872
 Abil: Fly               |       |       |       |     6 |    10 |       ||    16
       Release Delayed F |       |       |       |       |    12 |     4 ||    16
Evoke: Wand              |       |       |     2 |     2 |     4 |     1 ||     9
       Rod               |       |       |       |     5 |       |       ||     5
  Use: Scroll            |     4 |     5 |     1 |     6 |    22 |     4 ||    42
       Potion            |     2 |     4 |       |       |     9 |     2 ||    17
 Stab: Sleeping          |     3 |     3 |       |     2 |       |       ||     8

Vault maps used:
D:1:      onia_arrival_mini_spirals, serial_bayou_pond_b
D:2:      lemuel_crystal_altar, nicolae_overflow_hidden_temple
D:3:      old_standard_altar, old_standard_altar, serial_glass, glass_columns_a,
          glass_columns_a, minmay_goblin_kobold_house
D:4:      first_bread, serial_shops, nicolae_shop_stone
D:5:      temple_doors_e
D:6:      okawaru_metal_pillars_1_2, makhleb_heckhound_becter, uniq_iyjb,
          uniq_blork_the_orc
D:7:      nemelex_deck, kennysheep_mini_moat
D:8:      xom_butterflies, serial_shops, nicolae_shop_overgrown_old_shop,
          basic_altar, uniq_erolcha, uniq_maurice, uniq_edmund
D:9:      tso_oasis_becter, dpeg_lair_monsters, hangedman_tree_tricks,
          bloody_trog
D:10:     enter_bailey_7, kennysheep_generic_room_10, uniq_psyche
Orc:1:    mines3_lemuel
Orc:2:    serial_shops, nicolae_shop_waterfront, mines2_david, uniq_snorg
Orc:3:    nicolae_orc_pool_cavern, elf_legates
Orc:4:    st_orc_congregation, nicolae_orc_tapped_out, uniq_saint_roka,
          uniq_grum, uniq_nergalle
Elf:1:    eino_elf_arrival_sip, uniq_azrael, uniq_josephine
Elf:2:    special_room, minivault_19, not_door_vault_mu
Elf:3:    grunt_elf_hall_asides
Lair:1:   fungi_pond_lemuel, minmay_stone_trees_small, uniq_gastronok
Lair:2:   infiniplex_staircase_pool_2
Lair:3:   nicolae_swamp_entry_splash_gauntlet, kennysheep_basilisk_garden,
          bh_autumn_forest_stairs
Lair:4:   grunt_forest_large_clearing_hut, lemuel_fruit_tree, uniq_fannar
Lair:5:   minmay_snake_entry_spellcaster, serial_bayou_pond_b, st_stairs_7
Lair:6:   elwin_shoals_entry_rooms, slime_altar_2
Lair:7:   minmay_lair_oklob_bushes
Lair:8:   guppyfry_lair_end_dragon, hangedman_lair_in_review
Snake:2:  uniq_asterion
Snake:3:  nicolae_snake_hallway, serial_bayou_pond_a
Snake:4:  serial_bayou_shore_a
Snake:5:  minmay_snake_end_coiled, grunt_megastairs_3
Bailey:   bailey_axe_3, bailey
